 Dungeon Crawl Stone Soup version 0.25-a0-50-gf0389da217 (webtiles) character file.

Game seed: 14252214735407244535, levelgen mode: deterministic

842 Arixos the Sneak (level 8, -12/68 HPs)
             Began as a Naga Enchanter on Oct 24, 2019.
             Mangled by Prince Ribbit (16 damage)
             ... on level 6 of the Dungeon.
             The game lasted 00:29:26 (6036 turns).

Arixos the Sneak (Naga Enchanter)                   Turns: 6036, Time: 00:29:27

Health: -12/68     AC:  8    Str: 11    XL:     8   Next: 0%
Magic:  1/13       EV:  8    Int: 16    God:
Gold:   132        SH:  0    Dex: 13    Spells: 7/13 levels left

rFire    . . .     SeeInvis +   g - +2 dagger (venom)
rCold    . . .     Gourm    .   (no shield)
rNeg     . . .     Faith    .   u - +0 leather armour (curse)
rPois    +         Spirit   .   (no helmet)
rElec    .         Reflect  .   (no cloak)
rCorr    .         Harm     .   (no gloves)
MR       +....                  l - +0 naga barding
Stlth    +++.......             (no amulet)
HPRegen  0.21/turn              (no ring)
MPRegen  0.13/turn              (no ring)

@: very slightly contaminated, very slow
A: large, see invisible, deformed body, poison resistance, slowness 2, slow
metabolism 1, spit poison 1, AC +2
a: Spit Poison


You were on level 6 of the Dungeon.
You were not hungry.

You visited 1 branch of the dungeon, and saw 6 of its levels.

You collected 252 gold pieces.
You spent 120 gold pieces at shops.

Inventory:

Hand Weapons
 g - a +2 dagger of venom (weapon)
Missiles
 h - 25 poisoned darts (quivered)
 q - 7 atropa-tipped darts
Armour
 l - a +0 naga barding (worn)
 u - a cursed +0 leather armour (worn)
Wands
 b - a wand of flame (5)
 w - a wand of digging (4)
Scrolls
 f - 6 scrolls of identify
 k - 3 scrolls of immolation
 o - a scroll of magic mapping
 r - a scroll of fear {unknown}
 s - 3 scrolls of teleportation {unknown}
 t - a scroll of remove curse
Potions
 a - 5 potions of heal wounds {unknown}
 c - a potion of agility {unknown}
 e - a potion of degeneration {unknown}
 i - 3 potions of curing
 j - a potion of resistance {unknown}
 m - 3 potions of mutation {unknown}
 n - a potion of lignification {unknown}
 p - a potion of might {unknown}
Comestibles
 d - 3 rations
 v - a chunk of flesh


   Skills:
 + Level 2.6 Fighting
 + Level 3.0 Short Blades
 + Level 2.1 Armour
 + Level 3.1 Dodging
 + Level 6.5 Stealth
 + Level 3.4 Spellcasting
 + Level 4.2 Hexes
 + Level 2.6 Ice Magic


You had 7 spell levels left.
You knew the following spells:

 Your Spells              Type           Power        Failure   Level  Hunger
a - Ensorcelled Hibernat  Hex/Ice        ##....       9%          2    ##.....
b - Corona                Hex            ###....      4%          1    None
c - Confuse               Hex            ###.....     12%         3    ###....

Your spell library contained the following spells:

 Spells                   Type           Power        Failure   Level  Hunger
 Tukima's Dance           Hex            ###.....     12%         3    ###....
 Dazzling Spray           Conj/Hex       #.....       30%         3    ###....


Dungeon Overview and Level Annotations

Branches:
Dungeon (6/15)             Temple (0/1) D:5

Altars:
Ashenzari
Kikubaaqudgha
Ru

Shops:
D:4 *

Annotations:
D:4 Blork the orc
D:5 Grinder
D:6 Prince Ribbit


Innate Abilities, Weirdness & Mutations

You cannot wear boots.
Your serpentine skin is tough. (AC +2)
You have supernaturally acute eyesight. (SInv)
Armour fits poorly on your strangely shaped body.
Your system is resistant to poisons. (rPois)
You cover ground very slowly.
You have a slow metabolism.
You can spit poison.


Message History

Press: ? - help, Shift-Dir - straight line, f/p - Prince Ribbit
Aim: Prince Ribbit (lightly wounded, chance to defeat MR: 27%) Prince Ribbit easily resists.
Prince Ribbit hits you! Prince Ribbit hits you.
* * * LOW HITPOINT WARNING * * *
You closely miss Prince Ribbit.
Prince Ribbit is lightly wounded.
Prince Ribbit barely misses you.
You hit Prince Ribbit.
Prince Ribbit is poisoned.
Prince Ribbit is moderately wounded.
Prince Ribbit closely misses you.
You barely miss Prince Ribbit.
Prince Ribbit is moderately wounded.
You have got your breath back.
Prince Ribbit hits you!
* * * LOW HITPOINT WARNING * * *
Prince Ribbit blinks!
Prince Ribbit blinks!
Prince Ribbit barely misses you. Prince Ribbit hits you!
You die...

#.....#..#....# .
###.....###...#.# ..
#..#...#..#..#..#
...###...#ยง#...###...#
..#...#...#...#...#..#
.#.....#..#..#.....#.##
........#####.).......#
.#.....#F.#..#.....#..#
..#..$#..@#...#...#...#
...###...#.#...###....#
.. .
#..#..(#..#..#....# .
..###....(###.. #.#.#
#. #...(.#..# .#.# #
..#....(#...#. #
...#.#.(.#.#....
..#...#.#...#...
......(.........


You could see Prince Ribbit.

Vanquished Creatures
  A phantom (D:6)
  A scorpion (D:4)
  A howler monkey (D:6)
  3 crimson imps
  A bullfrog zombie (D:3)
  2 orc priests
  2 orc wizards (D:5)
  A bullfrog skeleton (D:6)
  Terence (D:2)
  Natasha (thrice) (D:2)
  An iguana (D:5)
  3 worker ants
  A hound skeleton (D:2)
  Robin (D:2)
  3 adders
  A gnoll (D:3)
  2 oozes
  3 worms
  3 dart slugs
  5 leopard geckos
  13 orcs
  4 bats
  4 giant cockroaches
  13 goblins
  11 hobgoblins
  2 jackals (D:3)
  8 kobolds
  2 quokkas (D:2)
  3 ball pythons
  6 frilled lizards
  6 rats
111 creatures vanquished.

Notes
Turn   | Place    | Note
-------+----------+-------------------------------------------
     0 | D:1      | Arixos the Naga Enchanter began the quest for the Orb.
     0 | D:1      | Reached XP level 1. HP: 15/15 MP: 3/3
   110 | D:1      | Reached XP level 2. HP: 12/22 MP: 1/5
   370 | D:1      | Learned a level 2 spell: Ensorcelled Hibernation
   971 | D:1      | Reached XP level 3. HP: 30/30 MP: 1/6
  1023 | D:1      | Learned a level 3 spell: Confuse
  1704 | D:2      | Noticed Terence
  1716 | D:2      | Killed Terence
  1716 | D:2      | Reached skill level 1 in Fighting
  1716 | D:2      | Reached XP level 4. HP: 9/38 MP: 2/7
  2304 | D:2      | Reached skill level 5 in Stealth
  2577 | D:2      | Noticed Robin
  2589 | D:2      | Killed Robin
  2589 | D:2      | Reached skill level 1 in Armour
  2589 | D:2      | Reached skill level 1 in Ice Magic
  2589 | D:2      | Reached XP level 5. HP: 33/44 MP: 0/8
  2707 | D:2      | Noticed Natasha
  2716 | D:2      | Killed Natasha
  2998 | D:2      | Noticed Natasha
  3004 | D:2      | Killed Natasha
  3458 | D:2      | Noticed Natasha
  3480 | D:2      | Killed Natasha
  3714 | D:3      | Found an ancient bone altar of Kikubaaqudgha.
  3748 | D:3      | Reached XP level 6. HP: 32/52 MP: 6/10
  3955 | D:3      | Found a sacrificial altar of Ru.
  4766 | D:4      | Found a shattered altar of Ashenzari.
  5038 | D:4      | Found Nimnolic's Assorted Antiques.
  5045 | D:4      | Bought a runed leather armour for 120 gold pieces
  5193 | D:4      | Noticed Blork the orc
  5264 | D:5      | Entered Level 5 of the Dungeon
  5322 | D:5      | Reached XP level 7. HP: 60/60 MP: 7/11
  5467 | D:5      | Found a staircase to the Ecumenical Temple.
  5470 | D:5      | Reached skill level 6 in Stealth
  5566 | D:5      | Noticed Grinder
  6011 | D:6      | Noticed Prince Ribbit
  6022 | D:6      | Reached XP level 8. HP: 62/68 MP: 9/13
  6032 | D:6      | HP: 2/68 [Prince Ribbit (15)]
  6036 | D:6      | Mangled by Prince Ribbit

Levels and vault maps discovered:
D:1:      grunt_arrival_crossed_arrows, layout_basic
D:2:      layout_basic, first_ration, roderic_lattice_a, uniq_natasha,
          uniq_robin, uniq_terence
D:3:      layout_basic, kiku_gazebo_pond_becter, nicolae_ru_awakened_eye
D:4:      layout_rooms, serial_shops, shop, nicolae_ashenzari_panopticon,
          uniq_blork_the_orc
D:5:      layout_rooms, minmay_temple_entry_from_below_a, water_boxes_lemuel,
          uniq_eustachio, uniq_grinder
D:6:      layout_basic, gammafunk_ghost_stat_death, grunt_ministairs_2,
          minmay_splitting_lines, uniq_prince_ribbit1

Skill      XL: |  1  2  3  4  5  6  7 |
---------------+----------------------+-----
Fighting       | 1 2 |  2.6
Dodging        | 2 3 |  3.1
Stealth        | 5 6 |  6.5
Armour         | 1 2 |  2.1
Ice Magic      | 1 2 |  2.6
Short Blades   | 2 3 |  3.0
Spellcasting   | 3 |  3.4
Hexes          | 4 |  4.2

Action                   |  1- 3 |  4- 6 |  7- 9 || total
-------------------------+-------+-------+-------++-------
Melee: Dagger            |    51 |   137 |    72 ||   260
 Cast: Corona            |     6 |       |       ||     6
       Ensorcelled Hiber |     7 |    23 |    12 ||    42
       Confuse           |     1 |     8 |     5 ||    14
 Abil: Spit Poison       |    18 |    43 |    11 ||    72
  Use: Scroll            |       |     4 |       ||     4
 Stab: Sleeping          |    10 |    16 |     7 ||    33
       Confused          |     1 |     2 |     1 ||     4
  Eat: Chunk             |     3 |    10 |     2 ||    15
       Ration            |       |     1 |     1 ||     2
Armor: Robe              |     6 |       |       ||     6
       Ring mail         |       |    48 |       ||    48
       Leather armour    |       |     1 |    24 ||    25
Dodge: Dodged            |    26 |    41 |    30 ||    97

Table legend:
 A = Non-vault XP
 B = Vault XP
 C = Vault XP percentage of total XP
 D = Non-vault monster count
 E = Vault monster count
 F = Vault count percentage of total count
                 A         B        C        D         E       F
            +---------+---------+-------+---------+---------+-------
      Total |    1102 |     101 |   8.4 |     100 |      11 |   9.9
            +---------+---------+-------+---------+---------+-------
        D:1 |      36 |       0 |   0.0 |      21 |       0 |   0.0
        D:2 |     158 |     101 |  39.0 |      23 |      11 |  32.4
        D:3 |     117 |       0 |   0.0 |      27 |       0 |   0.0
        D:4 |     176 |       0 |   0.0 |       9 |       0 |   0.0
        D:5 |     301 |       0 |   0.0 |      12 |       0 |   0.0
        D:6 |     314 |       0 |   0.0 |       8 |       0 |   0.0
            +---------+---------+-------+---------+---------+-------
